 Dungeon Crawl Stone Soup version 0.31-a0-620-gd1cbd99268 (webtiles) character file.

Game seed: 13475324988559907046

54 Ijustatesigmund the Stinger (level 3, -2/23 HPs)
             Began as an Octopode Venom Mage on Aug 23, 2023.
             Slain by an orc
             ... wielding a +0 mace
              (6 damage)
             ... on level 3 of the Dungeon.
             The game lasted 00:03:41 (1846 turns).

Ijustatesigmund the Stinger (Octopode Venom Mage)   Turns: 1846, Time: 00:03:41

Health: -2/23      AC:  1    Str:  7    XL:     3   Next: 91%
Magic:  11/15      EV: 13    Int: 19    God:
Gold:   123        SH:  0    Dex: 12    Spells: 1/7 levels left

rFire   . . .        d - +1 short sword (vamp)
rCold   + . .        (no shield)
rNeg    . . .        (helmet restricted)
rPois   .            (no amulet)
rElec   .            c - ring of magical power
rCorr   .            e - ring of protection from cold
SInv    .            (no ring)
Will    .....        (no ring)
Stlth   +++          (no ring)
HPRegen 0.23/turn    (no ring)
MPRegen 0.14/turn    (no ring)
                     (no ring)

%: no passive effects
@: no status effects
A: almost no armour, amphibious, 8 rings, camouflage 1, gelatinous body 1,
(nimble swimmer 1), tentacles
a: no special abilities


You were on level 3 of the Dungeon.
You visited 1 branch of the dungeon, and saw 3 of its levels.

You collected 123 gold pieces.

Inventory:

Hand Weapons
 d - a +1 vampiric short sword (weapon)
Armour
 f - a +0 buckler
Jewellery
 c - a ring of magical power (left tentacle)
 e - a ring of protection from cold (right tentacle)
 g - a ring of see invisible
Wands
 h - a wand of acid (6)
Scrolls
 j - 2 scrolls of amnesia {unknown}
Potions
 a - a potion of magic
 b - a potion of cancellation
 i - a potion of degeneration {unknown}


   Skills:
 - Level 1.2 Fighting
 - Level 2.0 Dodging
 - Level 2.6 Stealth
 + Level 2.5 Spellcasting
 + Level 0.7 Conjurations
 - Level 1.0 Transmutations
 + Level 1.1 Air Magic
 + Level 4.3 Poison Magic


You had one spell level left.
You knew the following spells:

 Your Spells              Type           Power      Damage    Failure   Level
a - Sting                 Tmut/Pois      48%        1d5       5%          1
b - Poisonous Vapours     Pois/Air       24%        N/A       8%          2
c - Mephitic Cloud        Conj/Pois/Air  10%        N/A       21%         3

Your spell library contained the following spells:

 Spells                   Type           Power      Damage    Failure   Level
 Magic Dart               Conj           20%        1d4       12%         1
 Call Imp                 Summ           4%         N/A       24%         2
 Olgreb's Toxic Radiance  Pois           18%        N/A       26%         4
 Portal Projectile        Hex/Tloc       4%         N/A       43%         3
 Tukima's Dance           Hex            2%         N/A       43%         3
 Iskenderun's Mystic Bla  Conj/Tloc      3%         2d3       80%         4


Dungeon Overview and Level Annotations

Branches:
Dungeon (3/15)

Altars:

Shops:
D:2 :   D:3 [


Innate Abilities, Weirdness & Mutations

You cannot wear most types of armour.
You are amphibious.
You can wear up to eight rings at the same time.
Your skin changes colour to match your surroundings (Stealth+).
Your rubbery body absorbs attacks. (AC +1, EV +1)
((You are camouflaged when in or above water. (Stealth+)))
You have tentacles for arms and can constrict up to eight enemies at once.


Message History

An orc wizard and an orc come into view.
The orc wizard shouts!
The orc shouts!
The orc barely misses you.
You barely miss the orc. Your grab misses the orc.
The orc is severely wounded.
The orc hits you with a +0 flail.
You closely miss the orc. You grab the orc.
The orc is severely wounded.
You constrict the orc. The orc hits you with a +0 flail.
You hit the orc.
You kill the orc!
The orc throws a boomerang.
The boomerang hits you.
You miss the orc wizard. Your grab misses the orc wizard.
Your squeeze misses the orc wizard. You hit the orc wizard.
You feel better.
Your grab misses the orc wizard.
The orc wizard is lightly wounded.
The orc wizard gestures at you while chanting.
You are confused.
You are too confused!
You barely miss the orc wizard.
The orc wizard is lightly wounded.
The orc hits you with a +0 mace.
The orc wizard hits you but does no damage.
The orc attacks as it pursues you! The orc closely misses you.
The orc wizard closely misses you. The orc closely misses you.
You bump into the crystal wall.
The orc closely misses you.
The orc wizard hits you with a +0 dagger.
You're too confused to move!
The orc barely misses you. The orc wizard barely misses you.
The orc hits you with a +0 whip.
You barely miss the orc wizard.
The orc wizard is lightly wounded.
You feel less confused. The orc hits you with a +0 mace.
* * * LOW HITPOINT WARNING * * *
The orc wizard barely misses you. The orc barely misses you.
Aiming: Corrosive Bolt
Press: ? - help, Shift-Dir - straight line, f - orc wizard
Aim: an orc wizard, wielding a +0 dagger and wearing a +0 robe (lightly wounded, 64% to hit)
The bolt of acid misses the orc wizard.
The orc hits you with a +0 mace.
You die...

#.# .# #.# #.. .####
#.# #.##....# #.#
#....... #.# #.#...#
#.# #..#.#..
#########.#####...∩...
.............)ooo#
##########.###.#@#...#
...........#
#.#.......#
############
#......#### ########


You could see an orc wizard and 2 orcs.

Vanquished Creatures
  2 adders (D:2)
  2 orcs (D:3)
  3 bats
  3 endoplasms
  A giant cockroach (D:2)
  4 goblins (D:2)
  5 hobgoblins
  3 quokkas (D:2)
  3 ball pythons
  A frilled lizard (D:2)
  4 kobolds
  A rat (D:1)
32 creatures vanquished.

Notes
Turn   | Place    | Note
-------+----------+-------------------------------------------
     0 | D:1      | Ijustatesigmund the Octopode Venom Mage began the quest for
                  | the Orb.
     0 | D:1      | Reached XP level 1. HP: 11/11 MP: 3/3
   260 | D:1      | Reached XP level 2. HP: 18/18 MP: 5/5
   616 | D:1      | Learned a level 2 spell: Poisonous Vapours
   783 | D:2      | Reached skill level 1 in Fighting
   961 | D:2      | Found a faded altar of an unknown god.
   968 | D:2      | Reached skill level 4 in Poison Magic
   968 | D:2      | Reached XP level 3. HP: 20/23 MP: 6/6
   972 | D:2      | Learned a level 3 spell: Mephitic Cloud
  1464 | D:2      | Found Liviekhli's Book Boutique.
  1530 | D:2      | Reached skill level 1 in Air Magic
  1811 | D:3      | Found Urri Huuw's Armour Shop.
  1846 | D:3      | Slain by an orc

Illustrated notes

Levels and vault maps discovered:
D:1:      dpeg_arrival_rooms_a, layout_loops_ring
D:2:      layout_basic, basic_ecumenical_altar, serial_shops, shop,
          grunt_decor_fettered, chequers_serial_rivers_marsh,
          nicolae_elevator_lobby_asterisk
D:3:      layout_loops_ring, serial_shops, nicolae_shop_advertising_works
          [nicolae_subvault_shop_adworks], shop

Skill      XL: |  1  2  3 |
---------------+----------+-----
Fighting       | 1 |  1.2
Poison Magic   | 4 |  4.3
Air Magic      | 1 |  1.1
Dodging        | |  2.0
Stealth        | |  2.6
Spellcasting   | |  2.5
Conjurations   | |  0.7
Transmutations | |  1.0

Action                     || total
---------------------------++-------
  Melee: Unarmed           ||     9
         Short sword       ||    51
         Constrict         ||    15
         Tentacles         ||    11
         Punch             ||     2
   Cast: Sting             ||     7
         Poisonous Vapours ||    17
         Mephitic Cloud    ||     1
  Evoke: Wand              ||     2
    Use: Scroll            ||     3
         Potion            ||     1
   Stab: Sleeping          ||     3
 Armour: Skin              ||     4
  Dodge: Dodged            ||    50

Table legend: (Time is in decaauts)
 A = Elapsed time spent in this place.
 B = Non-inter-level travel time spent in this place.
 C = Inter-level travel time spent in this place.
 D = Time resting spent in this place.
 E = Time spent auto-exploring this place.
 F = Levels seen in this place.
 G = Mean time per level.
                   A        B        C        D        E       F      G
               +--------+--------+--------+--------+--------+-----+--------+
         Total |   1844 |   1809 |     35 |    444 |   1125 |   3 |  614.7 |
       Dungeon |   1844 |   1809 |     35 |    444 |   1125 |   3 |  614.7 |
               +--------+--------+--------+--------+--------+-----+--------+

Top non-repeatable levels by time:
     D:2: 971 daAuts
     D:1: 749 daAuts
     D:3: 122 daAuts
